 Dungeon Crawl Stone Soup version 0.19.0-20-gbc5f0c6 (webtiles) character file.

2144 markt42 the Cleaver (level 9, -5/75 HPs)
             Began as a Hill Orc Fighter on Nov 16, 2016.
             Killed from afar by an electric eel (11 damage)
             ... with a bolt of electricity
             ... on level 7 of the Dungeon.
             The game lasted 00:10:26 (6789 turns).

markt42 the Cleaver (Hill Orc Fighter)              Turns: 6789, Time: 00:10:27

Health: -5/75      AC: 15    Str: 26    XL:     9   Next: 30%
Magic:  9/9        EV:  6    Int:  8    God:
Gold:   355        SH: 11    Dex: 14    Spells: 0 memorised, 8 levels left

rFire  + . .     SeeInvis .     D - +3 morningstar
rCold  . . .     Gourm    .     r - +0 plate armour
rNeg   . . .     Faith    .     c - +0 shield
rPois  .         Spirit   .     y - +0 helmet
rElec  .         Reflect  .     (no cloak)
rCorr  .         Harm     .     t - +0 pair of gloves
MR     .....                    (no boots)
Stlth  ..........               (no amulet)
                                j - ring of protection from fire
                                h - +3 ring of dexterity

@: mighty
A: no striking features
a: no special abilities


You were on level 7 of the Dungeon.
You were not hungry.

You visited 1 branch of the dungeon, and saw 7 of its levels.

You collected 355 gold pieces.

Inventory:

Hand Weapons
 D - a +3 morningstar (weapon)
Armour
 c - a +0 shield (worn)
 r - a +0 plate armour (worn)
 t - a +0 pair of gloves (worn)
 y - a +0 helmet (worn)
Jewellery
 h - a +3 ring of dexterity (left hand)
 j - a ring of protection from fire (right hand)
 m - an uncursed ring of resist corrosion
Scrolls
 a - a scroll of acquirement {unknown}
 b - 2 scrolls of amnesia
 e - a scroll of noise {unknown}
 g - 2 scrolls of fear {unknown}
 k - a scroll of immolation {unknown}
 n - 2 scrolls of identify
 u - a scroll of enchant armour {unknown}
 w - 6 scrolls of remove curse
Potions
 l - a potion of curing {unknown}
 o - 2 potions of agility {unknown}
 p - a potion of berserk rage {unknown}
 q - 2 potions of brilliance {unknown}
 s - a potion of haste {unknown}
 x - 2 potions of flight {unknown}
 C - 2 potions of mutation {unknown}
Comestibles
 f - 6 bread rations
 v - a slice of pizza
 z - 2 fruits
 A - 2 beef jerkies


   Skills:
 + Level 5.9 Fighting
   Level 11.5(11.7) Axes
 * Level 3.1(7.0) Maces & Flails
 + Level 5.8 Armour
 + Level 1.0 Dodging
 + Level 5.9 Shields


You had 8 spell levels left.
You didn't know any spells.

Dungeon Overview and Level Annotations

Branches:
Dungeon (7/15)
 Temple: D:4-7

Altars:
Ashenzari
Ru
Vehumet
The Shining One

Shops:
D:4 [   D:5 }


Message History

The electric eel is heavily wounded.
The electric eel shoots out a bolt of lightning at you!
The bolt of electricity hits you!
* * * LOW HITPOINT WARNING * * *
You feel very mighty all of a sudden.
The electric eel shoots out a bolt of lightning at you!
The bolt of electricity hits you!
* * * LOW HITPOINT WARNING * * *
You barely miss the electric eel.
The electric eel is heavily wounded.
The electric eel shoots out a bolt of lightning at you!
The bolt of electricity hits you!
* * * LOW HITPOINT WARNING * * *
You miss the electric eel.
The electric eel is heavily wounded.
Your shield and plate armour prevent you from hitting the electric eel.
The electric eel is heavily wounded.
The electric eel shoots out a bolt of lightning at you!
The bolt of electricity hits you!
You die...

#.....#......#≈≈≈##...#
#.....+.....≈≈≈≈≈≈≈...#
#.....##....≈≈≈≈≈≈≈...#
.......≈≈≈≈≈......#
...≈≈.≈≈≈≈≈.≈.....#
.≈.P≈P≈≈≈≈....#####
≈P≈≈≈≈≈≈≈≈≈...#
≈≈≈≈≈≈≈;≈.....#
≈≈≈≈≈≈≈@......#
≈≈≈≈≈.≈...........
≈≈≈≈≈≈≈..=........#
≈..≈≈≈............#
.......#..........+
......../.........#
........######.....
.......


You could see an electric eel.

Vanquished Creatures
  Grinder (D:4)
  An orc warrior (D:6)
  3 ice beasts (D:5)
  A sky beast (D:5)
  A centaur (D:6)
  4 ogres (D:4)
  2 bullfrogs (D:6)
  4 wights (D:6)
  2 howler monkeys
  A crimson imp (D:5)
  2 bullfrog zombies (D:5)
  An orc priest (D:6)
  7 orc wizards
  2 iguanas
  2 worker ants
  A hound skeleton (D:4)
  2 worker ant zombies
  6 adders
  2 shadow imps (D:6)
  A worm (D:2)
  A dart slug (D:3)
  5 leopard geckos
  35 orcs
  3 giant cockroaches
  12 goblins
  9 hobgoblins
  15 jackals
  8 quokkas
  3 ball pythons
  13 bats
  6 frilled lizards
  14 kobolds
  A quokka zombie (D:5)
  8 rats
179 creatures vanquished.

Notes
Turn   | Place    | Note
-------+----------+-------------------------------------------
     0 | D:1      | markt42 the Hill Orc Fighter began the quest for the Orb.
     0 | D:1      | Reached XP level 1. HP: 19/19 MP: 1/1
    12 | D:1      | Reached skill level 3 in Axes
   235 | D:1      | Reached XP level 2. HP: 27/27 MP: 2/2
   617 | D:1      | Reached XP level 3. HP: 18/33 MP: 3/3
  1227 | D:2      | Reached skill level 4 in Axes
  1335 | D:2      | Reached XP level 4. HP: 35/40 MP: 4/4
  1380 | D:2      | Found a sacrificial altar of Ru.
  1929 | D:3      | Reached skill level 5 in Axes
  1929 | D:3      | Reached XP level 5. HP: 34/46 MP: 5/5
  2222 | D:3      | Found a radiant altar of Vehumet.
  2466 | D:3      | Reached skill level 6 in Axes
  2877 | D:3      | Reached XP level 6. HP: 52/52 MP: 6/6
  3102 | D:4      | Found Mievumix's Antique Armour Boutique.
  3358 | D:4      | Reached skill level 7 in Axes
  3595 | D:4      | Reached XP level 7. HP: 60/60 MP: 7/7
  3701 | D:4      | Reached skill level 8 in Axes
  3807 | D:4      | Noticed Grinder
  3831 | D:4      | Killed Grinder
  3831 | D:4      | Reached skill level 9 in Axes
  3857 | D:4      | Reached XP level 8. HP: 56/67 MP: 8/8
  4275 | D:5      | Entered Level 5 of the Dungeon
  4296 | D:5      | Reached skill level 5 in Fighting
  4322 | D:5      | Reached skill level 10 in Axes
  4336 | D:5      | Reached skill level 5 in Shields
  4352 | D:5      | Reached skill level 5 in Armour
  4588 | D:5      | Found a shattered altar of Ashenzari.
  4699 | D:5      | Reached skill level 1 in Dodging
  4729 | D:5      | Found Libofoer's Gadget Boutique.
  4942 | D:5      | Reached skill level 11 in Axes
  5367 | D:6      | Reached XP level 9. HP: 55/74 MP: 9/9
  5682 | D:6      | Reached skill level 1 in Maces & Flails
  6042 | D:6      | Found a glowing golden altar of the Shining One.
  6789 | D:7      | Killed from afar by an electric eel

Skill      XL: |  1  2  3  4  5  6  7  8  9 |
---------------+----------------------------+-----
Axes           | 3 4 5 6 7 9 11 | 11.5
Fighting       | 4 5 |  5.9
Shields        | 4 5 |  5.9
Armour         | 4 5 |  5.8
Dodging        | 1 |  1.0
Maces & Flails | 3 |  3.1

Action                   |  1- 3 |  4- 6 |  7- 9 || total
-------------------------+-------+-------+-------++-------
Melee: War axe           |   136 |   259 |   185 ||   580
       Morningstar       |       |       |   101 ||   101
  Use: Potion            |       |     1 |     1 ||     2
       Scroll            |       |       |     3 ||     3
  Eat: Chunk             |     1 |     8 |     6 ||    15
       Pizza             |       |       |     1 ||     1
       Meat ration       |       |       |     1 ||     1
Armor: Scale mail        |    71 |    32 |       ||   103
       Chain mail        |       |    74 |       ||    74
       Plate armour      |       |    18 |   127 ||   145
Dodge: Dodged            |    43 |    45 |    38 ||   126
Block: Shield            |    82 |   114 |   118 ||   314
